Zazza, neutral female human Tourist -------- #.......| ------------- -------- ###|......| ##-...........| ------- |((....| # |......| # |...........| ##......| |((....| # -----.-- # ### |...........| # |.....| |......| # # ------# |............#######+.<...| |.....@m) # # |{...|# |...........| # ----.-- |.....@|I # # |....-# |...........| ### # |...$.f|# # # |....| ------------- # # --------# # ### |.....################### ### # # -+-.-- ---|-- # # # |....| # -----+--- # # |....| ### |.......| # # |....| # |...>...| #### # |....| # |.......| #------# |....-####---|-------- |.......| #......# |....| #...........| # --------- |.>..| ------ |...........################### ------ -+-+-------- # # Zazza the Rambler Experience level: 1 Strength: 14 Dexterity: 9 Constitution: 13 Intelligence: 14 Wisdom: 10 Charisma: 18 Health: 0(16) Energy: 2(2) Def: 5 Gold: 0 Moves: 1741 Dungeon seed: TykMMWHmB8JDIuSQ Game ID: Zazza_1618662678 Your Inventory: Weapons a - 16 blessed +2 darts (in quiver) T - a +0 arrow U - a cursed -2 orcish dagger V - a +0 elven dagger (weapon in hand) W - a blessed +0 elven dagger Armor e - an uncursed +0 Hawaiian shirt (being worn) P - an uncursed +0 Hawaiian shirt Y - an uncursed +0 elven mithril-coat (being worn) Comestibles # - 2 uncursed slime molds # - an uncursed food ration b - an uncursed lembas wafer c - an uncursed tripe ration d - 3 uncursed slime molds f - an uncursed food ration g - an uncursed cream pie h - 2 uncursed fortune cookies i - an uncursed pancake j - 2 uncursed pears k - an uncursed tin of kobold meat r - an uncursed egg z - an uncursed melon D - an uncursed egg J - 2 uncursed tripe rations R - an uncursed lichen corpse S - an uncursed lichen corpse Scrolls m - 2 uncursed scrolls of magic mapping p - an uncursed scroll of light s - 2 uncursed scrolls of identify x - an uncursed scroll of confuse monster K - an uncursed scroll of create monster O - an uncursed scroll of blank paper Spellbooks L - an uncursed spellbook of detect unseen Potions l - an uncursed potion of extra healing A - a blessed potion of enlightenment F - a blessed potion of invisibility H - 3 uncursed potions of water M - an uncursed potion of sickness Wands C - a wand of light (0:12) Tools q - a magic marker (0:60) v - an uncursed skeleton key w - an uncursed magic whistle B - an uncursed stethoscope G - a blessed brass lantern (0:1225) Q - a frost horn (0:6) X - an uncursed towel Gems y - an uncursed worthless piece of blue glass N - an uncursed worthless piece of white glass Spells and supernatural/magical abilities: Name Level Category Fail Memory W - pray for help -- divine ? -- Your skills at the end: Fighting Skills Weapon Skills dart [Basic] Spellcasting Skills Final Attributes: You were stridently aligned. You are dead. Vanquished creatures: 2 hobbits 5 jackals a fox a kobold a goblin 2 sewer rats 5 grid bugs 5 lichens a kobold zombie 5 newts 28 creatures vanquished. Voluntary challenges: You were vegetarian. You used a wielded weapon 7 times, starting on turn 1638. You read items or engraved 5 times, starting on turn 40. You never genocided any monsters. You never polymorphed an object. You never changed form. You used no wishes. You never split a pudding. You wrote Elbereth's name 1 time, starting on turn 1302. You never violated your personal moral code. Dungeon overview: The Dungeons of Doom: levels 1 to 3 Level 1 a fountain a long staircase Level 2 a general store, a fountain Level 3 <- You were here a hardware shop, a fountain a long staircase History has recorded: On T:1 you entered the Dungeons of Doom to retrieve the Amulet of Yendor! On T:358 you reached level 2 of The Dungeons of Doom. On T:1021 you reached level 3 of The Dungeons of Doom. Score breakdown: Gold: 0 ( 0 points) Experience: 1 level ( 0 points) Exploration: 3 levels ( 6.38%) ( 6255 points) Discoveries: 7 items ( 2.35%) ( 4597 points) Valuables value: (no points given unless you survive) Artifact value: 0 ( 0 points) Variety of kills: 10 monsters ( 2.62%) ( 4860 points) Turncount: 1741 turns ( 0 points) Survival: died (score multiplied by 80%) Total score: 12569 Latest messages: The dart hits the small mimic. The dart hits the small mimic. The dart hits the small mimic. The small mimic bumps right into you! The dart misses the small mimic. The dart misses the small mimic. The dart misses the small mimic. The dart misses the small mimic. The small mimic hits! You die... Nosalnef gratefully inherits all your possessions. Final status: Aloha Zazza the Tourist, killed by a small mimic... You died in The Dungeons of Doom on dungeon level 3 with 12569 points, and 0 pieces of gold, after 1741 moves. You were level 1 with a maximum of 16 hit points when you died.